 Dungeon Crawl Stone Soup version 0.30.0-29-ga12c61a403 (webtiles) character file.

Game seed: 10951750985494407305

150 qw the Chopper (level 5, -2/32 HPs)
             Began as a Gargoyle Fighter on June 4, 2023.
             Slain by an ogre
             ... wielding a +0 giant club
              (13 damage)
             ... on level 3 of the Dungeon.
             The game lasted 00:01:21 (2102 turns).

qw the Chopper (Gargoyle Fighter)                   Turns: 2102, Time: 00:01:22

Health: -2/32      AC: 12    Str: 22    XL:     5   Next: 32%
Magic:  5/5        EV:  9    Int:  8    God:
Gold:   112        SH:  4    Dex:  9    Spells: 4/4 levels left

rFire   . . .        Y - +0 war axe
rCold   . . .        c - +0 buckler
rNeg    + . .        b - +0 scale mail
rPois   inf          (no helmet)
rElec   +            (no cloak)
rCorr   .            (no gloves)
SInv    .            h - +0 pair of boots
Will    .....        (no amulet) Stlth
                     (no ring)
HPRegen 0.25/turn    (no ring)
MPRegen 0.09/turn

%: no passive effects
@: no status effects
A: sickness immunity, AC +4, negative energy resistance 1, electricity
resistance, torment resistance 1, petrification resistance
a: no special abilities


You were on level 3 of the Dungeon.
You visited 1 branch of the dungeon, and saw 3 of its levels.

You collected 112 gold pieces.


Innate Abilities, Weirdness & Mutations

You are immune to sickness and miasma.
Your stone body is resilient. (AC +4)
You are immune to poison.
You resist negative energy. (rN+)
You are resistant to electric shocks. (rElec)
You are resistant to unholy torment.
You are immune to petrification.


   Skills:
 - Level 3.2 Fighting
 + Level 4.9 Axes
 - Level 3.2 Armour
 - Level 3.2 Shields


You had 4 spell levels left.
You didn't know any spells.
Your spell library was empty.

Inventory:

Hand Weapons
 f - a +0 flail
 Y - a +0 war axe (weapon)
Armour
 b - a +0 scale mail (worn)
 c - a +0 buckler (worn)
 h - a +0 pair of boots (worn)
Scrolls
 l - 2 scrolls of identify
Potions
 a - 2 potions of berserk rage {unknown}
 d - 2 potions of might
 e - a potion of invisibility {unknown}
 g - a potion of haste {unknown}
 i - a potion of curing

Dungeon Overview and Level Annotations

Branches:
Dungeon (3/15)

Altars:
Qazlal


Message History

Enter note:
Enter note:
Enter note:
Enter note: You hit the ogre.
The ogre is lightly wounded.
The ogre hits you with a +0 giant club!
You hit the ogre.
The ogre is moderately wounded.
The ogre misses you.
You barely miss the ogre.
The ogre is moderately wounded.
The ogre hits you with a +0 giant club!
You slash the ogre!
The ogre is heavily wounded.
The ogre closely misses you.
You hit the ogre but do no damage.
The ogre is heavily wounded.
You block the ogre's attack.
You hit the ogre.
The ogre is severely wounded.
You completely miss the ogre.
The ogre is severely wounded.
The ogre misses you.
You hit the ogre but do no damage.
The ogre is severely wounded.
The ogre hits you but does no damage.
You barely miss the ogre.
The ogre is severely wounded.
The ogre hits you but does no damage.
You hit the ogre but do no damage.
The ogre is severely wounded.
The ogre hits you with a +0 giant club.
You hit the ogre.
The ogre is almost dead.
You block the ogre's attack.
You barely miss the ogre.
The ogre is almost dead.
The ogre hits you with a +0 giant club!
You die...

## # .. .#..... #. ###.#.###.#
#.##...###.### ^
#####....#.##(..##. .##.
#...!....#.#(#.#.#. .<..
......O@.#.#((#..#. .....
.........#.#(#(#.#. #...#
>..........##((.##. ....#
............#####..# ....###
.........#.........# .# ...#
..........##.......###
##..#............##..........#
.......##.........#..........#
##..####..................<..#


You could see an ogre.

Vanquished Creatures
  An orc wizard (D:2)
  4 adders
  A worm (D:2)
  4 dart slugs
  4 orcs (D:2)
  10 bats
  6 endoplasms
  5 goblins
  4 hobgoblins
  7 jackals (D:2)
  4 quokkas
  3 ball pythons
  4 frilled lizards
  8 kobolds
  7 rats
72 creatures vanquished.

Notes
Turn   | Place    | Note
-------+----------+-------------------------------------------
     0 | D:1      | qw the Gargoyle Fighter began the quest for the Orb.
     0 | D:1      | Reached XP level 1. HP: 14/14 MP: 1/1
     0 | D:1      | 0 ||| qw: Version: 0.2-a-107-g4668610
     0 | D:1      | 0 ||| qw: Game counter: 1220
     0 | D:1      | 0 ||| qw: Always use a shield: true
     0 | D:1      | 0 ||| qw: God list: Okawaru
     0 | D:1      | 0 ||| qw: Allow faded altars: false
     0 | D:1      | 0 ||| qw: Do Orc after D:15 true
     0 | D:1      | 0 ||| qw: Do second Lair branch before Depths: true
     0 | D:1      | 0 ||| qw: Lair rune preference: random
     0 | D:1      | 0 ||| qw: Plans: Normal, Zot:1-4, Slime:5, God:TSO, Crypt,
                  | Tomb, Abyss, Pan, Hells, Win
     0 | D:1      | 0 ||| PLANNING D:1-11
    57 | D:1      | Reached skill level 2 in Axes
   144 | D:1      | Reached XP level 2. HP: 14/19 MP: 2/2
   178 | D:1      | 178 ||| Stepping ~*~*~tactically~*~*~ (hiding).
   179 | D:1      | 179 ||| Stepping ~*~*~tactically~*~*~ (hiding).
   198 | D:1      | 198 ||| Stepping ~*~*~tactically~*~*~ (hiding).
   199 | D:1      | 199 ||| Stepping ~*~*~tactically~*~*~ (hiding).
   308 | D:1      | 308 ||| Stepping ~*~*~tactically~*~*~ (hiding).
   317 | D:1      | Reached skill level 3 in Axes
   582 | D:1      | Reached XP level 3. HP: 23/23 MP: 3/3
   819 | D:1      | 819 ||| Stepping ~*~*~tactically~*~*~ (stealth).
   829 | D:1      | 829 ||| Stepping ~*~*~tactically~*~*~ (stealth).
   892 | D:1      | 892 ||| Stepping ~*~*~tactically~*~*~ (water).
   981 | D:1      | 981 ||| READING scroll labelled BAKIAR GOUSUMP.
   982 | D:1      | 982 ||| READING scroll labelled ANNOODARIAGG.
  1083 | D:1      | 1083 ||| READING scroll labelled AGEROMA LULU.
  1084 | D:1      | 1084 ||| READING scroll labelled VUMIECZ ANIUR.
  1085 | D:1      | 1085 ||| READING scroll labelled LYFRIUT RUERA.
  1086 | D:1      | 1086 ||| READING 2 scrolls labelled ETAMET ILUGHA.
  1177 | D:2      | 1177 ||| Stepping ~*~*~tactically~*~*~ (stealth).
  1199 | D:2      | Reached XP level 4. HP: 28/28 MP: 4/4
  1293 | D:2      | Reached skill level 4 in Axes
  1491 | D:2      | 1491 ||| DROPPING +0 club.
  1718 | D:2      | Found a faded altar of an unknown god.
  1851 | D:2      | 1851 ||| UPGRADING to +0 pair of boots.
  1856 | D:2      | 1856 ||| DROPPING orb of light.
  1857 | D:2      | 1857 ||| DROPPING ring of magical power.
  1858 | D:2      | 1858 ||| DRINKING 2 red potions.
  1875 | D:3      | 1875 ||| STAIRDANCE
  1878 | D:2      | 1878 ||| DRINKING potion of curing.
  1878 | D:2      | 1878 ||| (to cure confusion)
  1885 | D:2      | Reached XP level 5. HP: 30/32 MP: 5/5
  1892 | D:3      | 1892 ||| STAIRDANCE
  1929 | D:2      | 1929 ||| DROPPING +0 whip.
  1971 | D:3      | Found a stormy altar of Qazlal.
  2064 | D:3      | Noticed a +0 spear
  2064 | D:3      | Noticed a +0 short sword
  2065 | D:3      | Noticed a +0 spear
  2065 | D:3      | Noticed an ogre
  2065 | D:3      | Noticed a +0 falchion
  2065 | D:3      | Noticed a +0 dagger
  2066 | D:3      | 2066 ||| Stepping ~*~*~tactically~*~*~ (stealth).
  2066 | D:3      | Noticed a +0 dagger
  2067 | D:3      | Noticed a +0 falchion
  2069 | D:3      | Noticed a +0 short sword
  2102 | D:3      | Slain by an ogre

Levels and vault maps discovered:
D:1:      elethiomel_arrival_diamonds, layout_loops_cross, serial_bayou_lagoon_a
D:2:      layout_loops_ring, chequers_ecumenical_altar_twisty
D:3:      layout_rooms, mainiacjoe_overflow_small_starburst,
          nicolae_overflow_crystal_walls, nicolae_uskayaw_en_pointe,
          uniq_jessica

Skill      XL: |  1  2  3  4 |
---------------+-------------+-----
Axes           | 2 3 4 |  4.9
Fighting       | |  3.2
Armour         | |  3.2
Shields        | |  3.2

Action                     |  1- 3 |  4- 6 || total
---------------------------+-------+-------++-------
  Melee: War axe           |   121 |   109 ||   230
    Use: Scroll            |     6 |       ||     6
         Potion            |       |     2 ||     2
 Armour: Scale mail        |    64 |    64 ||   128
  Dodge: Dodged            |    54 |    46 ||   100
  Block: Buckler           |    21 |    29 ||    50

Table legend:
 A = Non-vault XP
 B = Vault XP
 C = Vault XP percentage of total XP
 D = Non-vault monster count
 E = Vault monster count
 F = Vault count percentage of total count
                 A         B        C        D         E       F
            +---------+---------+-------+---------+---------+-------
      Total |     206 |       9 |   4.2 |      65 |       7 |   9.7
            +---------+---------+-------+---------+---------+-------
        D:1 |      46 |       9 |  16.4 |      25 |       7 |  21.9
        D:2 |     124 |       0 |   0.0 |      34 |       0 |   0.0
        D:3 |      36 |       0 |   0.0 |       6 |       0 |   0.0
            +---------+---------+-------+---------+---------+-------
